 Dungeon Crawl Stone Soup version 0.26-a0-542-gbaa144ba5c (webtiles) character file.

33175 HellByte the Spear-Bearer (level 14, -21/113 HPs)
             Began as a Human Fighter on Aug 13, 2016.
             Was a High Priest of Okawaru.
             Killed from afar by a rime drake (30 damage)
             ... with a flash freeze
             ... on level 4 of the Lair of Beasts on Aug 18, 2020.
             The game lasted 00:51:43 (18846 turns).

HellByte the Spear-Bearer (Human Fighter)          Turns: 18846, Time: 00:51:44

Health: -21/113    AC: -4    Str: 26    XL:     14   Next: 6%
Magic:  21/21      EV:  7    Int: 16    God:    Okawaru [*****.]
Gold:   994        SH:  8    Dex: 14    Spells: 13/13 levels left

rFire    + . .     SeeInvis .   m - +0 demon trident (venom)
rCold    . . .     Faith    .   F - +2 buckler
rNeg     + . .     Spirit   .   A - +4 plate armour {rF+}
rPois    +         Reflect  .   o - +2 helmet
rElec    .         Harm     .   M - +2 cloak "Ageuchao" {rPois Int+7}
rCorr    .                      z - +0 pair of gloves
MR       +....                  (no boots)
Stlth    ..........             (no amulet)
HPRegen  0.28/turn              u - +6 ring of strength
MPRegen  0.17/turn              s - ring of positive energy

@: corroded
A: no striking features
a: Heroism, Finesse, Renounce Religion


You were on level 4 of the Lair of Beasts.
You worshipped Okawaru.
Okawaru was extremely pleased with you.
You visited 3 branches of the dungeon, and saw 17 of its levels.
You also visited: Ossuary and Volcano.

You collected 994 gold pieces.

Inventory:

Hand Weapons
 h - a +1 short sword of flaming
 m - a +0 demon trident of venom (weapon)
 n - a +1 halberd of protection
 R - the +1 trident of Meocw {pain, Str+2 SInv}
   (Okawaru gifted it to you on level 6 of the Lair of Beasts)

   In the hands of one skilled in necromantic magic, it inflicts extra damage on
   living creatures.
   It affects your strength (+2).
   It lets you see invisible.
Armour
 c - a +0 kite shield
 l - a +1 chain mail of poison resistance
 o - a +2 helmet (worn)
 z - a +0 pair of gloves (worn)
 A - a +4 plate armour of fire resistance (worn)
 F - a +2 buckler (worn)
 M - the +2 cloak "Ageuchao" (worn) {rPois Int+7}
   (Okawaru gifted it to you on level 1 of the Lair of Beasts)

   It affects your intelligence (+7).
   It protects you from poison.
 U - the +5 ring mail of the Sun {Harm SInv}
   (Okawaru gifted it to you on level 4 of the Lair of Beasts)

   It lets you see invisible.
   It increases damage dealt and taken.
Jewellery
 k - a +4 ring of evasion
 s - a ring of positive energy (right hand)
 u - a +6 ring of strength (left hand)
 H - an uncursed ring of teleportation
 O - an uncursed ring of magical power
Wands
 p - a wand of random effects (17)
 x - a wand of acid (19)
 D - a wand of iceblast (15)
 I - a wand of polymorph (12)
 K - a wand of enslavement (22)
 L - a wand of digging (8)
Scrolls
 e - 3 scrolls of amnesia
 g - 5 scrolls of remove curse
 i - a scroll of enchant weapon
 t - 6 scrolls of teleportation
 v - 6 scrolls of magic mapping
 y - a scroll of fear
 G - a scroll of enchant armour
 N - a scroll of summoning
 S - a scroll of identify
 T - a scroll of torment {unknown}
Potions
 a - 5 potions of stabbing
 b - 9 potions of curing
 d - 5 potions of might
 j - 3 potions of magic
 q - a potion of ambrosia
 r - a potion of brilliance
 w - 3 potions of haste
 B - 2 potions of invisibility
 C - a potion of cancellation
 E - 2 potions of lignification
 J - 2 potions of resistance {unknown}
 P - 3 potions of berserk rage {unknown}
Comestibles
 f - 2 removed foods


   Skills:
 + Level 11.1 Fighting
 - Level 1.8 Short Blades
   Level 2.0(7.5) Axes
 + Level 11.2(11.3) Polearms
 + Level 11.1 Armour
 + Level 10.0 Shields
 + Level 10.3 Invocations


You had 13 spell levels left.
You didn't know any spells.
Your spell library contained the following spells:

 Spells                   Type           Power        Failure   Level
 Beastly Appendage        Tmut           #.....       91%         1
 Freeze                   Ice            #...         91%         1
 Poisonous Vapours        Pois/Air       #.....       97%         2
 Wereblood                Tmut           #.......     97%         2
 Conjure Flame            Conj/Fire      #.......     100%        3
 Frozen Ramparts          Ice            #.....       100%        3
 Mephitic Cloud           Conj/Pois/Air  #.......     100%        3
 Ozocubu's Armour         Ice            #.......     100%        3
 Spider Form              Tmut/Pois      #.........   100%        3
 Static Discharge         Conj/Air       #.......     100%        3
 Airstrike                Air            #.........   100%        4
 Hailstorm                Conj/Ice       #.......     100%        4
 Ice Form                 Ice/Tmut       #.......     100%        4
 Olgreb's Toxic Radiance  Pois           #.......     100%        4
 Summon Ice Beast         Ice/Summ       #.......     100%        4
 Blade Hands              Tmut           #.........   100%        5
 Conjure Ball Lightning   Conj/Air       #.........   100%        6
 Freezing Cloud           Conj/Ice/Air   #.........   100%        6


Dungeon Overview and Level Annotations

Branches:
Dungeon (10/15)            Temple (1/1) D:7            Lair (6/6) D:10
  Swamp (0/4) Lair:3      Ossuary (visited)         Volcano (visited)
  Snake: Lair:2-4    Spider: Lair:2-4     Slime: Lair:5-6       Orc: D:9-12

Altars:
Ashenzari
Cheibriados
Dithmenos
Elyvilon
Fedhas
Gozag
Hepliaklqana
Kikubaaqudgha
Makhleb
Nemelex Xobeh
Okawaru
Qazlal
Ru
Sif Muna
Trog
Uskayaw
Vehumet
Wu Jian
Xom
Yredelemnul
Zin
The Shining One

Shops:
D:8 (   D:9 :


Message History

There is a stone staircase leading up here.
You feel better. The worker ant bites you.
* * * LOW HITPOINT WARNING * * *
Unknown command.
You feel better. The rime drake bites you.
* * * LOW HITPOINT WARNING * * *
The worker ant closely misses you. The worker ant bites you.
* * * LOW HITPOINT WARNING * * *
You feel better. The ice encasing you melts away.
You block the rime drake's attack. The worker ant bites you.
* * * LOW HITPOINT WARNING * * *
The worker ant bites you!
* * * LOW HITPOINT WARNING * * *
The rime drake bites you.
* * * LOW HITPOINT WARNING * * *
You block the worker ant's attack. The worker ant barely misses you.
The rime drake breathes ice at you. The flash freeze hits you!!
You die...

#....##...##..###...##.##
###....#..a#####...#....#
#....##aF..♣......a...##
#.#..###.k.....##......#
# #.....##.>.###.......#
#$..Pa.....#........#.#
##....aF............###
#.#...kaa...........##
###...a@.............#
#...................##
##...#.....^.........##
#.#####[...†..........#
#### ###..#
#..#...........#..
....##P#.##
########.§........
≈.......## ###
#..###a....... ≈..#.....#
##.###..#a.........
###..##
#....a##a####.##.#.


You could see 2 entropy weavers, a rime drake (catching breath), a bullfrog and
3 worker ants.

Vanquished Creatures
  7 hydras
  Erica (D:8)
  A queen ant (Lair:4)
  A wizard (D:10)
  9 elephants
  A molten gargoyle (Volcano)
  3 black mambas
  7 rime drakes
  10 cane toads
  7 komodo dragons
  A polar bear (Lair:5)
  2 bog bodies (Lair:3)
  5 blink frogs (Lair:1)
  11 hippogriffs
  23 yaks
  3 fire elementals (Volcano)
  6 wyverns
  A basilisk (Lair:4)
  6 soldier ants (Lair:4)
  5 water moccasins
  4 porcupines
  A hell hound (Lair:5)
  4 orc warriors
  A sky beast (D:9)
  3 ogres
  3 phantoms
  11 wolves (Lair:1)
  3 centaurs
  6 crocodiles
  3 big kobolds (D:5)
  10 bullfrogs
  2 water moccasin zombies (Ossuary)
  3 scorpions
  A wyvern skeleton (D:7)
  5 killer bees (D:10)
  2 howler monkeys
  A crimson imp (D:10)
  A centaur zombie (D:9)
  2 quasits
  8 hounds
  10 orc priests
  2 bullfrog skeletons
  3 jellies
  7 orc wizards
  Ijyb (D:4)
  Terence (D:2)
  A centaur skeleton (D:9)
  4 iguanas
  Natasha (thrice) (D:2)
  15 worker ants
  4 big kobold zombies (Ossuary)
  A hound zombie (D:7)
  3 mummies
  A howler monkey skeleton (D:9)
  A worker ant zombie (D:8)
  6 gnolls
  13 adders
  2 shadow imps (D:5)
  2 white imps
  An ooze (D:7)
  2 adder skeletons
  8 adder zombies
  2 worms (D:2)
  2 dart slugs
  6 leopard geckos
  23 orcs
  A ball python (D:6)
  6 giant cockroaches
  10 goblins
  7 hobgoblins
  9 jackals
  6 quokkas
  A bat (D:3)
  6 frilled lizards
  2 gnoll zombies (Ossuary)
  2 hobgoblin zombies (Ossuary)
  A jackal zombie (D:5)
  41 kobolds
  3 kobold zombies (Ossuary)
  8 orc zombies (Ossuary)
  5 rats
416 creatures vanquished.

Vanquished Creatures (others)
  A goblin (D:4)
  5 fungi
  5 plants
11 creatures vanquished.

Grand Total: 427 creatures vanquished

Notes
Turn   | Place    | Note
-------+----------+-------------------------------------------
     0 | D:1      | HellByte the Human Fighter began the quest for the Orb.
     0 | D:1      | Reached XP level 1. HP: 18/18 MP: 1/1
   372 | D:1      | Reached XP level 2. HP: 19/24 MP: 2/2
   481 | D:1      | Reached skill level 1 in Short Blades
   675 | D:2      | Noticed Terence
   686 | D:2      | Killed Terence
   686 | D:2      | Reached XP level 3. HP: 25/29 MP: 3/3
   733 | D:2      | Found a shimmering altar of Xom.
   737 | D:2      | Found a transporter.
   747 | D:2      | Found a transporter.
   767 | D:2      | Reached XP level 4. HP: 33/35 MP: 4/4
  1166 | D:2      | Reached skill level 1 in Polearms
  1273 | D:2      | Noticed Natasha
  1277 | D:2      | Killed Natasha
  1277 | D:2      | Reached XP level 5. HP: 36/41 MP: 5/5
  1349 | D:2      | Noticed Natasha
  1358 | D:2      | Killed Natasha
  1390 | D:2      | Noticed Natasha
  1405 | D:2      | Killed Natasha
  1866 | D:3      | Found a glowing golden altar of the Shining One.
  1881 | D:3      | Found a radiant altar of Vehumet.
  1884 | D:3      | Found a bloodstained altar of Trog.
  1942 | D:3      | Reached XP level 6. HP: 44/48 MP: 6/6
  2127 | D:4      | Noticed a phantom
  2150 | D:4      | Killed a phantom
  2150 | D:4      | Reached XP level 7. HP: 54/54 MP: 7/7
  2414 | D:4      | Reached XP level 8. HP: 20/61 MP: 8/8
  2732 | D:4      | Noticed Ijyb
  2751 | D:4      | HP: 1/61 [acid (5)]
  2752 | D:4      | Killed Ijyb
  3562 | D:5      | Entered Level 5 of the Dungeon
  3632 | D:5      | Found a sand-covered staircase.
  3644 | Ossuary  | Entered an ossuary
  3731 | Ossuary  | Reached skill level 5 in Fighting
  3757 | Ossuary  | Reached skill level 5 in Armour
  3765 | Ossuary  | Reached skill level 5 in Polearms
  3765 | Ossuary  | Reached skill level 5 in Shields
  4433 | D:5      | Reached XP level 9. HP: 64/68 MP: 9/9
  4787 | D:5      | Identified the Papyrus of Nocuous Air
  5795 | D:7      | Found a stormy altar of Qazlal.
  5815 | D:7      | Found a snail-covered altar of Cheibriados.
  5886 | D:7      | Found a staircase to the Ecumenical Temple.
  5939 | Temple   | Entered the Ecumenical Temple
  6207 | Temple   | Became a worshipper of Warmaster Okawaru
  6297 | D:7      | Found a blossoming altar of Fedhas.
  6840 | D:7      | Found a sparkling altar of Nemelex Xobeh.
  7049 | D:8      | Noticed a hippogriff
  7059 | D:8      | Killed a hippogriff
  7059 | D:8      | Reached XP level 10. HP: 71/77 MP: 10/10
  7091 | D:8      | Found Wetyf's Weapon Shop.
  7364 | D:8      | Noticed Erica
  7381 | D:8      | Killed Erica
  7381 | D:8      | Reached * piety under Okawaru
  8273 | D:9      | Reached ** piety under Okawaru
  8429 | D:9      | Found a basalt altar of Yredelemnul.
  8473 | D:9      | Found Athedyre's Book Shoppe.
  8683 | D:10     | Entered Level 10 of the Dungeon
  8684 | D:10     | Found a staircase to the Lair.
  8684 | D:10     | Noticed a seven-headed hydra
  8709 | D:10     | Killed a seven-headed hydra
  9200 | D:10     | Reached skill level 1 in Invocations
  9206 | D:10     | Reached XP level 11. HP: 71/86 MP: 11/11
  9827 | D:10     | Noticed a wizard
  9835 | D:10     | Killed a wizard
  9835 | D:10     | Reached *** piety under Okawaru
  9994 | Lair:1   | Entered Level 1 of the Lair of Beasts
 10172 | Lair:1   | Noticed a six-headed hydra
 10180 | Lair:1   | Killed a six-headed hydra
 10180 | Lair:1   | Reached **** piety under Okawaru
 10204 | Lair:1   | Reached skill level 5 in Invocations
 11114 | Lair:1   | Reached ***** piety under Okawaru
 11122 | Lair:1   | Received a gift from Okawaru
 11136 | Lair:1   | Got a fine cloak {god gift}
 11142 | Lair:1   | Identified the +2 cloak "Ageuchao" {rPois Int+7} (Okawaru
                  | gifted it to you on level 1 of the Lair of Beasts)
 11401 | Lair:1   | Noticed a six-headed hydra
 11401 | Lair:1   | Noticed a five-headed hydra
 11427 | Lair:1   | Killed a six-headed hydra
 11427 | Lair:1   | Reached XP level 12. HP: 34/95 MP: 13/17
 11454 | Lair:1   | Killed a five-headed hydra
 13890 | Lair:2   | Reached skill level 10 in Polearms
 13901 | Lair:2   | Received a gift from Okawaru
 13901 | Lair:2   | Reached skill level 10 in Fighting
 13904 | Lair:2   | Reached skill level 10 in Armour
 14323 | Lair:3   | Reached XP level 13. HP: 103/103 MP: 19/19
 14351 | Lair:3   | Found a dark tunnel.
 14364 | Volcano  | Entered a volcano
 14619 | Lair:3   | Found an ornate altar of the Wu Jian Council.
 14909 | Lair:3   | Found a staircase to the Swamp.
 15161 | Lair:3   | Noticed a four-headed hydra
 15170 | Lair:3   | Killed a four-headed hydra
 15547 | Lair:3   | You fall into a shaft and drop 3 floors!
 15547 | Lair:6   | Entered Level 6 of the Lair of Beasts
 15562 | Lair:6   | Received a gift from Okawaru
 15580 | Lair:6   | Got a warped trident {god gift}
 15581 | Lair:6   | Identified the +1 trident of Meocw {pain, Str+2 SInv}
                  | (Okawaru gifted it to you on level 6 of the Lair of Beasts)
 15647 | Lair:5   | You fall into a shaft and drop 1 floor!
 15996 | Lair:5   | Noticed a four-headed hydra
 16009 | Lair:5   | Killed a four-headed hydra
 16267 | Lair:5   | Noticed a seven-headed hydra
 17149 | Lair:3   | Noticed a four-headed hydra
 17164 | Lair:3   | Killed a four-headed hydra
 17164 | Lair:3   | Reached skill level 10 in Invocations
 17715 | Lair:4   | Received a gift from Okawaru
 17716 | Lair:4   | Got an emerald-encrusted ring mail {god gift}
 17733 | Lair:4   | Identified the +5 ring mail of the Sun {Harm SInv} (Okawaru
                  | gifted it to you on level 4 of the Lair of Beasts)
 17961 | Lair:4   | Noticed a six-headed hydra
 18463 | Lair:4   | Noticed an entropy weaver
 18469 | Lair:4   | Noticed an entropy weaver
 18482 | Lair:4   | Reached XP level 14. HP: 102/113 MP: 18/21
 18823 | Lair:4   | Reached skill level 10 in Shields
 18846 | Lair:4   | Killed from afar by a rime drake

Illustrated notes

Levels and vault maps discovered:
D:1:      dpeg_arrival_water_temple_mockup, minmay_pentomino_r2
D:2:      layout_basic, gammafunk_temple_overflow_arena, minivault_5,
          uniq_terence, uniq_natasha
D:3:      layout_rooms, minmay_overflow_temple_star_quad
D:4:      kennysheep_goblin_castle, layout_basic
D:5:      minmay_goblin_kobold_castle, layout_loops_cross,
          gup_ossuary_entry_pyramid, uniq_ijyb
D:6:      layout_basic, minmay_misc_feat_chi, hangedman_minor_gate_pass
D:7:      layout_basic, nicolae_qazlal_style_of_elements, kennysheep_mini,
          overflow_temple_1_default, minmay_temple_entry_statues_fountains,
          fedhas_altar_3
D:8:      wander_river, layout_cave_pods, serial_shops,
          nicolae_shop_temple_entry_statues_fountains, uniq_erica
D:9:      lemuel_upstairs_altar, layout_loops_cross, lemuel_crystal_altar,
          serial_shops, shop, uniq_grum
D:10:     layout_roguey, lair_entry_dummy, lightli_wizard_tower
Temple:   dpeg_chambers_temple
Lair:1:   beast_lair_carwin_large_4, layout_cave_pods
Lair:2:   layout_regular_city, grunt_forest_small_clearings,
          infiniplex_staircase_pool_2
Lair:3:   layout_cave_pods, skrybe_swamp_entry_bodies,
          nicolae_volcano_entry_lava_flow, basic_altar
Lair:4:   layout_cave_pods, dummy_spider_entry, special_room
          [special_room_mythical_zoo], chequers_serial_rivers_small_b,
          minmay_another_anthill, grunt_megastairs_5
Lair:5:   layout_small_grid, special_room [special_room_mythical_zoo],
          grunt_megastairs_3
Lair:6:   hangedman_lair_caniforms_friends, layout_big_grid,
          hangedman_lair_tendril_chambers, nicolae_slime_entry_slimehenge,
          roderic_batcave, serial_bayou_shore_b

Skill      XL: |  1  2  3  4  5  6  7  8  9 10 11 12 13 14 |
---------------+-------------------------------------------+-----
Short Blades   | 1 |  1.8
Polearms       | 1 2 3 4 5 7 8 9 10 11 | 11.2
Fighting       | 4 5 6 8 9 10 11 | 11.1
Armour         | 4 5 6 8 9 10 11 | 11.1
Shields        | 4 5 6 8 9 10 | 10.0
Invocations    | 1 6 8 10 | 10.3
Axes           | |  2.0

Action                   |  1- 3 |  4- 6 |  7- 9 | 10-12 | 13-15 || total
-------------------------+-------+-------+-------+-------+-------++-------
Melee: Short sword       |    50 |       |       |       |       ||    50
       War axe           |    10 |       |       |       |       ||    10
       Demon trident     |       |   126 |   554 |   592 |   266 ||  1538
       Trident           |       |       |       |       |   247 ||   247
Invok: Heroism           |       |       |       |     2 |     5 ||     7
       Finesse           |       |       |       |     1 |     1 ||     2
Evoke: Wand              |       |       |       |     1 |       ||     1
  Use: Scroll            |       |     5 |     7 |    16 |     2 ||    30
       Potion            |       |       |     1 |     3 |    12 ||    16
Armor: Scale mail        |    23 |       |       |       |       ||    23
       Chain mail        |     3 |    62 |   214 |    75 |       ||   354
       Plate armour      |       |       |       |   313 |   407 ||   720
Dodge: Dodged            |    20 |    41 |   124 |   151 |   183 ||   519
Block: Kite shield       |    25 |    55 |   261 |   103 |       ||   444
       Buckler           |       |       |       |   158 |   245 ||   403

Table legend: (Time is in decaauts)
 A = Elapsed time spent in this place.
 B = Non-inter-level travel time spent in this place.
 C = Inter-level travel time spent in this place.
 D = Time resting spent in this place.
 E = Time spent auto-exploring this place.
 F = Levels seen in this place.
 G = Mean time per level.
                   A        B        C        D        E       F      G
               +--------+--------+--------+--------+--------+-----+--------+
         Total |  18742 |  18299 |    443 |   2603 |  11950 |  19 |  986.4 |
       Dungeon |   9530 |   9232 |    298 |    979 |   6387 |  10 |  953.0 |
        Temple |    328 |    328 |      0 |      0 |    297 |   1 |  328.0 |
          Lair |   8441 |   8296 |    145 |   1624 |   5266 |   6 | 1406.8 |
       Ossuary |    255 |    255 |      0 |      0 |      0 |   1 |  255.0 |
       Volcano |    186 |    186 |      0 |      0 |      0 |   1 |  186.0 |
               +--------+--------+--------+--------+--------+-----+--------+

Top non-repeatable levels by time:
  Lair:3: 2737 daAuts
  Lair:1: 2484 daAuts
     D:4: 1590 daAuts
     D:5: 1356 daAuts
  Lair:2: 1353 daAuts
     D:8: 1198 daAuts
    D:10: 1016 daAuts
  Lair:4: 956 daAuts
     D:9: 909 daAuts
     D:2: 895 daAuts
     D:7: 786 daAuts
  Lair:5: 782 daAuts
     D:6: 646 daAuts
     D:1: 645 daAuts
     D:3: 482 daAuts
Note: time per level data comes from an upgraded game and may be incomplete.
